 Dungeon Crawl Stone Soup version 0.29.1-2-gbd0b4ee654 (webtiles) character file.

Game seed: 16126880534781016086

18 styxcanada the Sneak (level 2, 0/21 HPs)
             Began as a Spriggan Brigand on Nov 16, 2022.
             Slain by an adder (2 damage)
             ... on level 2 of the Dungeon.
             The game lasted 00:02:49 (1001 turns).

styxcanada the Sneak (Spriggan Brigand)             Turns: 1001, Time: 00:02:50

Health: 0/21       AC:  3    Str:  7    XL:     2   Next: 51%
Magic:  3/3        EV: 17    Int: 12    God:
Gold:   36         SH:  0    Dex: 16    Spells: 1/1 levels left

rFire   . . .      SeeInvis +   l - +1 dagger (venom)
rCold   . . .      Faith    .   (no shield)
rNeg    . . .      Spirit   .   b - +0 robe
rPois   .          Reflect  .   (helmet restricted)
rElec   .          Harm     .   c - +0 cloak
rCorr   .          Rampage  .   (gloves unavailable)
Will    .....                   (boots unavailable)
Stlth   ..........              (no amulet)
HPRegen 0.07/turn               (no ring)
MPRegen 0.08/turn               (no ring)

@: berserking, lethally poisoned (0 -> -3), very quick
A: very small, no large weapons, unfitting armour, see invisible, speed 3
a: no special abilities


You were on level 2 of the Dungeon.
You visited 1 branch of the dungeon, and saw 2 of its levels.

You collected 36 gold pieces.

Inventory:

Hand Weapons
 a - a +2 dagger
 j - a +3 mace
 l - a +1 dagger of venom (weapon)
Missiles
 d - 9 poisoned darts (quivered)
 e - 3 curare-tipped darts
 o - a stone
Armour
 b - a +0 robe (worn)
 c - a +0 cloak (worn)
Scrolls
 f - a scroll of summoning {unknown}
 g - a scroll of vulnerability {unknown}
 k - 2 scrolls of identify {unknown}
 m - a scroll of noise {unknown}
Potions
 i - a potion of flight {unknown}
 n - a potion of curing {unknown}


   Skills:
 * Level 1.5 Fighting
 + Level 2.2 Short Blades
 + Level 2.0 Throwing
 * Level 2.2 Dodging
 * Level 6.5 Stealth


You had one spell level left.
You didn't know any spells.
Your spell library contained the following spells:

 Spells                   Type           Power      Damage    Failure   Level
 Slow                     Hex            0%         N/A       32%         1
 Ensorcelled Hibernation  Hex/Ice        0%         N/A       45%         2
 Confusing Touch          Hex            0%         N/A       69%         3
 Spider Form              Tmut/Pois      0%         N/A       69%         3
 Vampiric Draining        Necr           0%         2d6       69%         3
 Anguish                  Hex/Necr       0%         N/A       97%         4


Dungeon Overview and Level Annotations

Branches:
Dungeon (2/15)

Altars:


Innate Abilities, Weirdness & Mutations

You are very small and have problems with some larger weapons.
You are too small for most types of armour.
You have supernaturally acute eyesight. (SInv)
You cover ground extremely quickly. (Speed+++)


Message History

Found a war axe.
You now have 36 gold pieces (gained 5).
An adder comes into view.
The adder hisses angrily.
The adder bites you.
You closely miss the adder. The adder closely misses you.
You barely miss the adder. The adder closely misses you.
You barely miss the adder. The adder bites you.
You are poisoned.
The adder poisons you!
You miss the adder.
You feel sick. The adder bites you.
You closely miss the adder. The adder misses you.
You hit the adder but do no damage.
The adder is poisoned.
You feel sick. The adder closely misses you.
You barely miss the adder.
You feel sick. The adder closely misses you. The adder bites you.
You closely miss the adder.
You feel sick. The adder bites you.
* * * LOW HITPOINT WARNING * * *
You are lethally poisoned!
The adder poisons you!
You hit the adder but do no damage.
The adder looks as sick as possible!
The adder is lightly wounded.
* * * LOW HITPOINT WARNING * * *
You feel sick. The adder completely misses you.
It was a potion of berserk rage.
A red film seems to cover your vision as you go berserk!
You feel yourself moving faster!
You feel mighty!
* * * LOW HITPOINT WARNING * * *
You feel sick. The adder barely misses you.
You miss the adder.
The adder is lightly wounded.
The adder bites you but does no damage.
You barely miss the adder.
The adder is lightly wounded.
* * * LOW HITPOINT WARNING * * *
You feel sick.
You hit the adder.
The adder looks as sick as possible!
The adder is severely wounded.
The adder bites you.
You die...

#.... #... #....
#.... #.... #.#.#
#S#.# #@#.# #.#.#
#...#######
##...##...
##.....#.#
##........#####.#
#................
##........##
##.....#.#


You could see an adder (extremely poisoned).

Vanquished Creatures
  A dart slug (D:1)
  A bat (D:1)
  3 endoplasms (D:1)
  A giant cockroach (D:1)
  A hobgoblin (D:1)
  3 frilled lizards (D:1)
  3 goblins (D:1)
  3 kobolds
  A rat (D:1)
17 creatures vanquished.

Notes
Turn   | Place    | Note
-------+----------+-------------------------------------------
     0 | D:1      | styxcanada the Spriggan Brigand began the quest for the
                  | Orb.
     0 | D:1      | Reached XP level 1. HP: 10/10 MP: 2/2
   196 | D:1      | Reached skill level 6 in Stealth
   386 | D:1      | Found a faded altar of an unknown god.
   388 | D:1      | Reached XP level 2. HP: 6/14 MP: 3/3
  1001 | D:2      | Slain by an adder

Illustrated notes

Levels and vault maps discovered:
D:1:      mushboom_english_gardens, layout_rooms,
          chequers_ecumenical_altar_island
D:2:      layout_loops_ring, minmay_domino_2

Skill      XL: |  1 |
---------------+----+-----
Stealth        | 6 |  6.5
Dodging        | 2 |  2.2
Fighting       | |  1.5
Short Blades   | |  2.2
Throwing       | |  2.0

Action                   || total
-------------------------++-------
Melee: Dagger            ||    61
       Punch             ||     1
Throw: Dart              ||     4
  Use: Potion            ||     1
 Stab: Sleeping          ||     6
Armor: Robe              ||     5
Dodge: Dodged            ||    32
